 Dungeon Crawl Stone Soup version 0.28.0-43-g3370ac3207 (webtiles) character file.

Game seed: 17123931463381576703

189 Zeld the Caller (level 5, -4/29 HPs)
             Began as a Tengu Summoner on Mar 18, 2022.
             Killed by divine providence
             ... invoked by an orc priest
              (17 damage)
             ... while paralysed by Grinder
             ... on level 3 of the Dungeon.
             The game lasted 00:10:21 (5305 turns).

Zeld the Caller (Tengu Summoner)                    Turns: 5305, Time: 00:10:21

Health: -4/29      AC:  2    Str:  8    XL:     5   Next: 68%
Magic:  5/10       EV:  2    Int: 16    God:
Gold:   111        SH:  0    Dex: 16    Spells: 1/10 levels left

rFire   . . .      SeeInvis .   (no weapon)
rCold   . . .      Faith    .   (no shield)
rNeg    . . .      Spirit   .   a - +0 robe
rPois   .          Reflect  .   (helmet restricted)
rElec   .          Harm     .   (no cloak)
rCorr   .          Rampage  .   (no gloves)
Will    .....                   (boots unavailable)
Stlth   ++........              (no amulet)
HPRegen 0.09/turn               (no ring)
MPRegen 0.12/turn               (no ring)

@: paralysed, flying quickly and evasively, quick
A: beak, talons 3, nimble flight
a: no special abilities


You were on level 3 of the Dungeon.
You visited 1 branch of the dungeon, and saw 3 of its levels.

You collected 111 gold pieces.

Inventory:

Armour
 a - a +0 robe (worn)
Wands
 h - a wand of acid (7)
Scrolls
 b - a scroll of torment {unknown}
 d - a scroll of vulnerability {unknown}
 e - 3 scrolls of identify {unknown}
 f - 2 scrolls of teleportation {unknown}
 j - a scroll of fog {unknown}
Potions
 c - a potion of haste {unknown}
 g - a potion of curing {unknown}
 i - a potion of invisibility {unknown}


   Skills:
 + Level 1.6 Fighting
 + Level 3.1 Dodging
 + Level 2.8 Stealth
 * Level 3.2 Spellcasting
 * Level 5.9 Summonings


You had one spell level left.
You knew the following spells:

 Your Spells              Type           Power      Damage    Failure   Level
a - Summon Small Mammal   Summ           84%        N/A       1%          1
b - Call Imp              Summ           21%        N/A       2%          2
c - Call Canine Familiar  Summ           21%        N/A       4%          3
d - Summon Guardian Gole  Hex/Summ       12%        N/A       16%         3

Your spell library contained the following spells:

 Spells                   Type           Power      Damage    Failure   Level
 Summon Lightning Spire   Summ/Air       12%        N/A       47%         4


Dungeon Overview and Level Annotations

Branches:
Dungeon (3/15)

Altars:

Annotations:
D:3 Grinder


Innate Abilities, Weirdness & Mutations

You have a beak for a mouth.
You have claws for feet.
Your magical nature lets you fly swiftly and evasively.


Message History

There is a stone staircase leading down here.
The orc priest looks satisfied for a moment.
You start resting.
An orc priest is nearby!
An orc priest is nearby!
Casting: Call Canine Familiar (quite dangerous; 4% risk of failure)
Confirm with . or Enter, or press ? or * to list all spells.
The spell is quite dangerous to miscast (4% risk of failure)!
Continue anyway?
The orc priest begins to cast a cantrip, but forgets the words!
What are your orders? t - Shout!
Orders for allies: a - Attack new target. p - Attack previous target. r - Retreat! s - Stop attacking. g - Guard the area. f - Follow me.
Anything else - Cancel.
Gang up on whom?
Press: ? - help, Dir - move target, f/p - orc priest
Aim: an orc priest, wielding a +0 hand axe and wearing a +0 leather armour (severely wounded, ally target) Attack!
The orc priest looks encouraged for a moment.
Your hound closely misses the orc priest.
The orc priest hits your hound with a +0 hand axe.
Your hound bites the orc priest but does no damage.
Your hound bites the orc priest but does no damage.
The orc priest hits your hound with a +0 hand axe.
Your hound bites the orc priest.
Grinder gestures at you.
You suddenly lose the ability to move!
The orc priest hits your hound with a +0 hand axe.
Your hound dies!
Your hound's corpse disappears in a puff of smoke!
Grinder says, "You look like you could use a good racking."
The orc priest casts a cantrip, but nothing happens.
Grinder says, "FISH!"
Grinder blinks!
Grinder completely misses you.
The orc priest invokes the aid of Beogh against you.
Beogh smites you!
Ouch! That really hurt!
You die...

# # ###########
###### #....##...#
#.)..#
#.##.##.#.####o.@<#
#.##.##.#......#5###
#.##.##.#..........#
#.##.##.#.#.######.#
.o....>.#..........#
#.#####.#.#.########
#....##.#.#.#
#.##.##.#...#
#.#.....#####


You could see Grinder and an orc priest.

Vanquished Creatures
  A bat (D:2)
  An endoplasm (D:2)
  A goblin (D:1)
  2 jackals (D:2)
  A rat (D:2)
6 creatures vanquished.

Vanquished Creatures (collateral kills)
  Natasha (thrice) (D:2)
  4 adders (D:2)
  2 worms (D:2)
  2 dart slugs
  3 orcs
  5 ball pythons (D:1)
  7 endoplasms
  3 giant cockroaches
  7 goblins
  2 hobgoblins (D:1)
  2 jackals (D:2)
  5 kobolds
  4 quokkas
  2 bats
  5 frilled lizards
  3 rats (D:1)
59 creatures vanquished.

Grand Total: 65 creatures vanquished

Notes
Turn   | Place    | Note
-------+----------+-------------------------------------------
     0 | D:1      | Zeld the Tengu Summoner began the quest for the Orb.
     0 | D:1      | Reached XP level 1. HP: 10/10 MP: 4/4
   215 | D:1      | Reached skill level 5 in Summonings
   215 | D:1      | Reached XP level 2. HP: 15/15 MP: 3/6
   218 | D:1      | Learned a level 2 spell: Call Imp
   907 | D:1      | Reached XP level 3. HP: 20/20 MP: 4/7
   911 | D:1      | Learned a level 3 spell: Call Canine Familiar
  2001 | D:1      | Found a faded altar of an unknown god.
  2056 | D:2      | Noticed Natasha
  2124 | D:2      | Killed Natasha
  2125 | D:2      | Reached XP level 4. HP: 6/24 MP: 0/8
  2912 | D:2      | Noticed Natasha
  3299 | D:2      | Killed Natasha
  3300 | D:2      | Reached skill level 1 in Fighting
  3485 | D:2      | Noticed Natasha
  3863 | D:2      | Gained mutation: Your magical nature lets you fly swiftly
                  | and evasively. [Tengu growth]
  3863 | D:2      | Reached XP level 5. HP: 29/29 MP: 6/10
  3867 | D:2      | Learned a level 3 spell: Summon Guardian Golem
  4444 | D:2      | Killed Natasha
  4670 | D:3      | Noticed an ogre
  5248 | D:3      | Noticed Grinder
  5300 | D:3      | Paralysed by Grinder for 7 turns
  5305 | D:3      | Killed from afar by an orc priest

Illustrated notes

Levels and vault maps discovered:
D:1:      saegor_arrival_simple_a, layout_basic,
          chequers_ecumenical_altar_lobes, minmay_misc_feat_doors, minivault_19
D:2:      layout_basic, serial_glass, glass_columns_a, glass_columns_b,
          minmay_tetromino_o2, uniq_natasha
D:3:      layout_basic, uniq_ijyb, uniq_grinder

Skill      XL: |  1  2  3  4  5 |
---------------+----------------+-----
Summonings     | 5 |  5.9
Fighting       | 1 |  1.6
Spellcasting   | 3 |  3.2
Dodging        | 3 |  3.1
Stealth        | |  2.8

Action                   |  1- 3 |  4- 6 || total
-------------------------+-------+-------++-------
Melee: Unarmed           |     8 |    27 ||    35
       Punch             |     1 |       ||     1
       Kick              |       |     5 ||     5
       Peck              |       |     4 ||     4
 Cast: Summon Small Mamm |    31 |    12 ||    43
       Call Imp          |    25 |    26 ||    51
       Call Canine Famil |     3 |    15 ||    18
       Summon Guardian G |       |     4 ||     4
 Stab: Sleeping          |       |     1 ||     1
Armor: Robe              |     8 |    11 ||    19
Dodge: Dodged            |    22 |    66 ||    88
